AoeStats
← Lancia57DxD

Pilgrims

509145680Analyzed
4v4 RM · 8d ago on Sep 25, 2026· 38m 18s· 8 players
Game mode
Random Map
Map size
Large (8 player)
Population
200
Speed
Normal
Resources
Standard
Victory
Conquest
Starting age
Dark Age
Ending age
Imperial Age
RankedLock teamsTeams togetherTeam positionsShared explorationLock speedFull tech treeHidden civsTurbo modeCheats
Victory
Defeat
🇺🇸 Japanese · United States
1078
+14
🇨🇱 Maya · Chile
1057
+15
🇬🇧 Varangians · United Kingdom
1034
+15
🇨🇱 Koreans · Chile
1031
+15
🇩🇪 Armenians · Germany
1063
-16
🇨🇭 Varangians · Switzerland
1040
-15
🇹🇼 Portuguese · Taiwan
1032
-15
🇮🇹 Huns · Italy
983
-13
Lancia57DxD
4:51 Loom
15:08 Feudal Age
16:37 Double-Bit Axe
17:05 Arson
18:35 Fletching
20:36 Fishing Lines
23:22 Wheelbarrow
23:17 Scale Mail Armor
23:28 Forging
26:12 Arson
29:00 Town Watch
28:59 Horse Collar
29:22 Padded Archer Armor
29:33 Forging
Repl4y
7:27 Loom
13:45 Feudal Age
14:44 Double-Bit Axe
15:09 Fishing Lines
20:12 Castle Age
21:37 Medium Warships
22:03 Gillnets
26:52 Bow Saw
27:38 Wheelbarrow
28:54 Scale Barding Armor
29:00 Forging
28:43 Horse Collar
30:51 Bloodlines
30:42 Husbandry
35:46 Imperial Age
35:14 Town Watch
37:59 Conscription
Miccit88
9:19 Loom
12:44 Feudal Age
13:10 Double-Bit Axe
13:34 Fishing Lines
15:55 Man-at-Arms
16:22 Arson
18:21 Gold Mining
18:43 Horse Collar
18:57 Stone Mining
19:37 Forging
19:19 Fletching
19:37 Scale Barding Armor
19:34 Padded Archer Armor
19:35 Scale Mail Armor
19:47 Scale Barding Armor
22:18 Castle Age
23:37 Medium Warships
23:50 Husbandry
24:31 Iron Casting
24:24 Bow Saw
36:58 Wheelbarrow
37:04 Marauders
37:21 Heavy Plow
K_o_n_d_o_m
4:57 Loom
10:59 Feudal Age
11:11 Man-at-Arms
11:44 Long Swordsman
14:09 Horse Collar
15:37 Arson
16:09 Scale Mail Armor
17:56 Fletching
23:44 Forging
23:39 Double-Bit Axe
26:23 Padded Archer Armor
28:47 Castle Age
osubuckeyes022
7:08 Loom
13:22 Feudal Age
14:09 Double-Bit Axe
18:11 Castle Age
16:35 Forging
16:25 Scale Mail Armor
16:38 Man-at-Arms
18:08 Horse Collar
20:23 Long Swordsman
21:20 Bow Saw
29:06 Imperial Age
28:35 Iron Casting
28:24 Gambesons
28:44 Scale Mail Armor
28:54 Heavy Plow
29:24 Two-Handed Swordsman
31:13 Pikeman
33:41 Chain Mail Armor
37:06 Padded Archer Armor
36:56 Fletching
38:08 Blast Furnace
Her
12:09 Loom
14:19 Feudal Age
14:37 Man-at-Arms
15:02 Arson
16:41 Double-Bit Axe
17:06 Gold Mining
20:08 Horse Collar
24:01 Castle Age
22:37 Wheelbarrow
25:33 Fletching
25:56 Bow Saw
26:26 Careening
27:09 Guard Tower
29:33 Bodkin Arrow
30:02 Ballistics
31:33 Hand Cart
37:05 Imperial Age
34:41 Husbandry
34:52 Bloodlines
34:49 Scale Barding Armor
34:55 Forging
35:38 Heavy Plow
36:55 Chain Barding Armor
37:11 Iron Casting
36:53 Fortified Wall
36:54 Masonry
36:25 Treadmill Crane
37:40 Fishing Lines
37:22 Elite Longship
LCsLA Skoll
11:52 Feudal Age
13:46 Fletching
14:55 Double-Bit Axe
15:35 Loom
16:23 Gold Mining
22:36 Castle Age
21:59 Horse Collar
23:14 Bodkin Arrow
22:43 Crossbowman
26:43 Bow Saw
29:24 Padded Archer Armor
30:06 Thumb Ring
30:30 Ballistics
31:57 Town Watch
32:47 Wheelbarrow
39:37 Imperial Age
LavMani
11:50 Loom
13:37 Feudal Age
21:31 Castle Age
23:47 Fletching
25:11 Bodkin Arrow
35:04 Stone Mining
Connection lost

Rejoining the realm…

Still unreachable

The connection could not be restored.

Session expired

The server has moved on; the page needs a fresh start.